 Dungeon Crawl Stone Soup version 0.25-a0-934-g041635d5d1 (console) character file.

Game seed: 9089613410936207726, levelgen mode: classic

77998 Duffy the Thaumaturge (level 15, 115/115 HPs)
             Began as a Gnoll Wizard on May 4, 2020.
             Was the Champion of Cheibriados.
             Quit the game on level 1 of the Snake Pit.
             The game lasted 01:06:20 (39771 turns).

Duffy the Thaumaturge (Gnoll Wizard)               Turns: 39771, Time: 01:06:21

Health: 115/115    AC: 27    Str: 24      XL:     15   Next: 58%
Magic:  27/27      EV: 37    Int: 49 (52) God:    Cheibriados [******]
Gold:   1420       SH: 14    Dex: 31      Spells: 17/38 levels left

rFire    . . .     SeeInvis +   a - +1 war axe (elec)
rCold    + . .     Gourm    .   t - +0 kite shield
rNeg     . . .     Faith    .   E - +9 ring mail of the Thirteen Nights {*Drain Regen+ Int+2 Dex+2}
rPois    .         Spirit   .   K - +2 helmet
rElec    +         Reflect  .   Q - +0 cloak {rC+}
rCorr    .         Harm     .   W - +1 pair of gloves "Acarph Jucu" {rElec Int+4}
MR       +....                  U - +2 pair of boots
Stlth    +++++.....             b - amulet of the acrobat
HPRegen  0.69/turn              A - ring of see invisible
MPRegen  0.20/turn              Y - +4 ring of intelligence

@: acrobat, studying Fighting, very slow
A: distributed training, fangs 1, low mp 1, MP-powered wands, strong nose
a: Bend Time, Temporal Distortion, Slouch, Step From Time, Renounce Religion


You were on level 1 of the Snake Pit.
You worshipped Cheibriados.
Cheibriados was exalted by your worship.
You were not hungry.

You visited 5 branches of the dungeon, and saw 25 of its levels.
You also visited: Sewer and Ice Cave.

You collected 2841 gold pieces.
You spent 1421 gold pieces at shops.

Inventory:

Hand Weapons
 a - a +1 war axe of electrocution (weapon)
Missiles
 C - 2 throwing nets (quivered)
Armour
 t - a +0 kite shield (worn)
 E - the +9 ring mail of the Thirteen Nights (worn) {*Drain Regen+ Int+2 Dex+2}
   (You bought it in a shop on level 1 of the Orcish Mines)

   It affects your intelligence (+2).
   It affects your dexterity (+2).
   It increases your rate of regeneration.
   It causes draining when unequipped.
 K - a +2 helmet (worn)
 Q - a +0 cloak of cold resistance (worn)
 U - a +2 pair of boots (worn)
 W - the +1 pair of gloves "Acarph Jucu" (worn) {rElec Int+4}
   (You found it on level 15 of the Dungeon)

   It affects your intelligence (+4).
   It insulates you from electricity.
Jewellery
 b - an amulet of the acrobat (around neck)
 z - the ring of Osuto {Ice +Blink rElec MR+ Str+2}
   (You found it on level 5 of the Lair of Beasts)

   [ring of ice]

   It enhances your ice magic.
   It affects your strength (+2).
   It makes you vulnerable to fire.
   It protects you from cold.
   It insulates you from electricity.
   It affects your resistance to hostile enchantments.
   It lets you blink.
 A - a ring of see invisible (left hand)
 Y - a +4 ring of intelligence (right hand)
Wands
 p - a wand of paralysis (40)
 w - a wand of polymorph (23)
 D - a wand of acid (8)
 F - a wand of iceblast (17)
 N - a wand of digging (7)
 R - a wand of flame (11)
 T - a wand of scattershot (6)
Scrolls
 f - 5 scrolls of enchant weapon
 g - 4 scrolls of magic mapping
 i - 6 scrolls of remove curse
 l - 8 scrolls of immolation
 m - a scroll of teleportation
 u - 4 scrolls of fog
 v - a scroll of enchant armour
 y - 4 scrolls of fear
 B - a scroll of vulnerability
 H - 4 scrolls of holy word
 J - 4 scrolls of amnesia
 O - 3 scrolls of blinking
Potions
 c - 11 potions of curing
 e - 5 potions of flight
 h - 3 potions of heal wounds
 k - 2 potions of cancellation
 n - 4 potions of brilliance
 o - 2 potions of magic
 q - a potion of resistance
 x - 4 potions of lignification
 G - a potion of berserk rage {unknown}
 I - 6 potions of might
 P - 3 potions of invisibility
 Z - 2 potions of ambrosia
Books
 L - a manual of Fighting
Miscellaneous
 s - a lightning rod (4/4)
 V - 2 boxes of beasts
Comestibles
 d - 43 rations


   Skills:
 + Level 10.1 Fighting
 + Level 10.0 Short Blades
 + Level 10.0 Long Blades
 + Level 10.0 Axes
 + Level 10.0 Maces & Flails
 + Level 10.0 Polearms
 + Level 10.0 Staves
 + Level 10.0 Slings
 + Level 10.0 Bows
 + Level 10.0 Crossbows
 + Level 10.0 Throwing
 + Level 10.0 Armour
 + Level 10.9 Dodging
 + Level 10.8 Stealth
 + Level 10.0 Shields
 + Level 10.0 Unarmed Combat
 + Level 12.0 Spellcasting
 + Level 8.7 Conjurations
 + Level 8.4 Hexes
 + Level 8.4 Charms
 + Level 8.7 Summonings
 + Level 8.4 Necromancy
 + Level 8.7 Translocations
 + Level 8.4 Transmutations
 + Level 8.4 Fire Magic
 + Level 8.4 Ice Magic
 + Level 8.4 Air Magic
 + Level 8.4 Earth Magic
 + Level 8.4 Poison Magic
 + Level 10.8 Invocations
 + Level 10.0 Evocations


You had 17 spell levels left.
You knew the following spells:

 Your Spells              Type           Power        Failure   Level  Hunger
h - Call Canine Familiar  Summ           #######.     1%          3    None
j - Summon Mana Viper     Hex/Summ       #######.     1%          5    None
k - Summon Lightning Spi  Summ/Air       #######.     1%          4    None
o - Mephitic Cloud        Conj/Pois/Air  #######.     1%          3    None
u - Summon Butterflies    Summ           #######.     1%          1    None
y - Confusing Touch       Hex            #######.     1%          3    None
B - Blink                 Tloc           N/A          1%          2    None

Your spell library contained the following spells:

 Spells                   Type           Power        Failure   Level  Hunger
 Freeze                   Ice            ####         1%          1    None
 Infusion                 Chrm           ####         1%          1    None
 Magic Dart               Conj           ####         1%          1    None
 Sting                    Tmut/Pois      ####         1%          1    None
 Summon Small Mammal      Summ           ####         1%          1    None
 Call Imp                 Summ           #######.     1%          2    None
 Ensorcelled Hibernation  Hex/Ice        ######       1%          2    None
 Poisonous Vapours        Pois/Air       ######       1%          2    None
 Shroud of Golubria       Chrm/Tloc      ######       1%          2    None
 Slow                     Hex            #######.     1%          2    None
 Song of Slaying          Chrm           #######.     1%          2    None
 Conjure Flame            Conj/Fire      #######.     1%          3    None
 Frozen Ramparts          Ice            ######       1%          3    None
 Gell's Gravitas          Tloc           #######...   1%          3    None
 Ignite Poison            Fire/Tmut/Pois #######.     1%          3    None
 Ozocubu's Armour         Chrm/Ice       #######.     1%          3    None
 Spectral Weapon          Hex/Chrm       #######.     1%          3    None
 Summon Guardian Golem    Hex/Summ       #######.     1%          3    None
 Hailstorm                Conj/Ice       #######.     1%          4    None
 Ice Form                 Ice/Tmut       #######.     1%          4    None
 Leda's Liquefaction      Hex/Erth       #######...   1%          4    None
 Olgreb's Toxic Radiance  Pois           #######.     1%          4    None
 Petrify                  Tmut/Erth      #######.     1%          4    None
 Summon Ice Beast         Ice/Summ       #######.     1%          4    None
 Bolt of Magma            Conj/Fire/Erth #######...   1%          5    None
 Irradiate                Conj/Tmut      #######...   1%          5    None
 Metabolic Englaciation   Hex/Ice        #######...   1%          5    None
 Yara's Violent Unravell  Hex/Tmut       #######...   1%          5    None
 Freezing Cloud           Conj/Ice/Air   #######...   10%         6    None
 Hydra Form               Tmut           #######...   10%         6    None
 Iron Shot                Conj/Erth      #######...   10%         6    None
 Simulacrum               Ice/Necr       #######...   10%         6    None
 Statue Form              Tmut/Erth      #######..    10%         6    None
 Summon Hydra             Summ           #######...   43%         7    ###....
 Dragon Form              Tmut           #######...   50%         7    ###....
 Shatter                  Erth           #######...   100%        9    ######.


Dungeon Overview and Level Annotations

Branches:
Dungeon (15/15)            Temple (1/1) D:4            Lair (6/6) D:10
  Swamp (0/4) Lair:4        Snake (1/4) Lair:4        Slime (0/5) Lair:5
    Orc (2/2) D:12            Elf (0/3) Orc:2        Vaults (0/5) D:13
 Depths (0/5) D:15          Sewer (visited)           IceCv (visited)

Altars:
Ashenzari
Cheibriados
Dithmenos
Elyvilon
Fedhas
Gozag
Hepliaklqana
Kikubaaqudgha
Makhleb
Nemelex Xobeh
Okawaru
Qazlal
Ru
Sif Muna
Trog
Uskayaw
Vehumet
Wu Jian
Xom
Yredelemnul
Zin
The Shining One
Beogh

Shops:
D:4 }   D:11 :   Orc:1 :(![   Orc:2 *[([[*==!


Innate Abilities, Weirdness & Mutations

Your experience applies equally to all skills.
You have very sharp teeth.
Your uncanny sense of smell can sniff out nearby items.
Your magical capacity is low. (-10% MP)
You expend magic power (3 MP) to strengthen your wands.


Message History

You feel sick.
You feel sick.
You feel sick.
You feel sick.
You feel sick.
You are no longer poisoned.
You now have 1410 gold pieces (gained 13).
Your warg disappears in a puff of smoke!
You now have 1420 gold pieces (gained 10).
You open the huge gate.
There is a huge open gate here.
You open the door.
There is an open door here.
You open the door.
There is an open door here.
You see here a black mamba skeleton.
A naga mage comes into view.
The naga mage moves out of view.
The naga mage is too close now for your liking.
Are you sure you want to abandon this character and quit the game? (Confirm with "yes".)

###### ##.)..## #######
###......######## #......
..+.......+......############......
..#.......+......@.................
..#.......+......######.#####...###
..#.......###....# #...# ###.#
..#.......# #....# #...# ##.###
..%.......# #....#####...#####.....
..'.......# #..............%.......
#.#.......###''''#####..)..........
#.###.....#.N.......##.............
#.##.................'..######++###


You could see a naga mage (wandering).

Vanquished Creatures
  A frost giant (D:15)
  Nessos (Lair:5)
  The ghost of Keogif the Basher, a journeyman VSFi of Okawaru (D:15)
  The ghost of Necrophagist the Blocker, a journeyman HOFi of Makhleb (Orc:2)
  2 fire dragons (Lair:6)
  Josephine (Lair:5)
  Erolcha (D:14)
  2 hydras
  7 vault guards (D:13)
  An anaconda (Snake:1)
  3 two-headed ogres
  2 centaur warriors
  2 tengu warriors (D:13)
  3 orc high priests (Orc:2)
  Urug (D:12)
  A shock serpent (Snake:1)
  3 skeletal warriors (D:14)
  An unseen horror (D:15)
  A flayed ghost (D:12)
  A naga ritualist (Snake:1)
  A swamp dragon (Lair:6)
  Pikel (D:6)
  A lindwurm (Lair:6)
  5 orc knights (Orc:2)
  A necromancer (IceCv)
  2 mana vipers (Snake:1)
  A deep elf mage (D:15)
  A cyclops (D:12)
  A manticore (D:14)
  4 orc sorcerers (Orc:2)
  4 elephants
  2 centaur zombies
  6 black mambas
  2 torpor snails
  Maurice (D:8)
  2 komodo dragons
  5 spiny frogs
  7 freezing wraiths
  A centaur skeleton (D:14)
  A komodo dragon (shapeshifter) (D:15)
  4 rime drakes
  Maggie (D:6)
  2 kobold demonologists (D:12)
  A yaktaur (D:15)
  A queen bee (Lair:2)
  5 meliai (D:13)
  8 trolls
  3 hornets
  A polar bear (shapeshifter) (D:15)
  A wolf spider simulacrum (IceCv)
  4 blink frogs
  4 slime creatures (D:15)
  3 hippogriffs
  A shadow (D:11)
  2 wraiths
  2 wyverns
  A spriggan (D:7)
  9 yaks
  2 neqoxecs (Orc:2)
  A basilisk (Lair:1)
  A hungry ghost (D:12)
  A naga (Snake:1)
  An acid dragon (D:13)
  A soldier ant (Lair:2)
  3 porcupines
  Duvessa (D:7)
  A water moccasin (Lair:1)
  4 eyes of draining
  12 orc warriors
  5 sky beasts
  6 ice beasts
  A black bear (D:6)
  6 centaurs
  9 ogres
  A phantom (D:10)
  2 boggarts (D:15)
  A wolf (Lair:6)
  4 crocodiles
  3 big kobolds
  Blork the orc (D:6)
  A nameless horror (Lair:2)
  16 bullfrogs
  A wyvern zombie (D:10)
  Dowan (D:7)
  A wyvern skeleton (D:14)
  2 scorpions
  12 killer bees (Lair:2)
  8 wights
  A howler monkey (D:4)
  An electric eel (D:10)
  4 crimson imps
  A draconian simulacrum (IceCv)
  2 bullfrog zombies
  A quasit (Orc:2)
  15 orc priests
  12 hounds
  11 orc wizards
  5 jellies
  An iguana (D:5)
  Ijyb (D:3)
  Natasha (D:3)
  A polar bear simulacrum (IceCv)
  A troll simulacrum (IceCv)
  15 worker ants
  A hell rat (Lair:4)
  A centaur simulacrum (IceCv)
  A hound skeleton (D:6)
  3 gnolls
  A howler monkey skeleton (D:5)
  10 adders
  A naga simulacrum (IceCv)
  A shadow imp (D:15)
  4 white imps (IceCv)
  An adder zombie (D:9)
  2 worms
  6 dart slugs
  5 leopard geckos
  53 orcs
  3 ball pythons
  12 bats
  6 giant cockroaches
  8 goblins
  9 hobgoblins
  15 jackals
  5 quokkas
  8 frilled lizards
  A jackal skeleton (D:5)
  16 kobolds
  13 rats
  A fungus (Lair:2)
  2 plants
509 creatures vanquished.

Vanquished Creatures (collateral kills)
  Rupert (D:12)
  Gastronok (Lair:1)
  An orc warlord (Orc:2)
  A stone giant (Orc:2)
  Harold (Lair:1)
  Fannar (Lair:1)
  The ghost of Villi the Protected, a journeyman FoAK of Lugonu (Lair:2)
  3 hydras
  A vault guard (D:13)
  A queen ant (Lair:2)
  Nergalle (Lair:3)
  2 unseen horrors
  A deep elf mage (D:12)
  3 orc sorcerers
  An ugly thing (D:13)
  2 manticores
  5 elephants
  A centaur zombie (D:15)
  An ice statue (IceCv)
  5 black mambas
  4 torpor snails (Lair:6)
  A gargoyle (D:15)
  5 spiny frogs
  A rime drake (Lair:6)
  7 komodo dragons
  5 freezing wraiths (IceCv)
  A tengu conjurer (D:15)
  A polar bear (Lair:5)
  5 hornets (Lair:6)
  A wolf spider simulacrum (IceCv)
  A meliai (D:13)
  4 tyrant leeches (Lair:6)
  5 hippogriffs
  8 blink frogs
  A shadow (D:13)
  18 yaks
  4 wraiths
  A vampire (D:12)
  A wyvern (D:10)
  A hungry ghost (D:8)
  Menkaure (D:7)
  2 nagas
  5 soldier ants
  2 acid dragons
  A porcupine (Lair:4)
  6 water moccasins
  3 swamp drakes (Lair:6)
  9 orc warriors
  Purgy (Sewer)
  3 ice beasts
  2 black bears (D:9)
  A hornet zombie (D:15)
  6 wolves
  A boggart (D:15)
  2 centaurs
  3 ogres
  4 crocodiles
  6 bullfrogs
  12 killer bees (Lair:2)
  2 wights (D:7)
  5 crimson imps
  6 draconian simulacra (IceCv)
  2 quasits
  2 bullfrog skeletons
  4 hounds
  4 orc priests
  A centaur skeleton (D:5)
  7 orc wizards
  2 iguanas
  Natasha (twice) (D:3)
  2 troll simulacra (IceCv)
  6 hell rats (Lair:4)
  10 worker ants
  A polar bear simulacrum (IceCv)
  6 centaur simulacra (IceCv)
  2 hound skeletons
  3 gnolls
  2 adders
  A naga simulacrum (IceCv)
  An ogre simulacrum (IceCv)
  A shadow imp (D:9)
  8 white imps (IceCv)
  2 worms
  25 orcs
  3 kobolds
  A plant (Lair:6)
290 creatures vanquished.

Vanquished Creatures (others)
  2 centaur warriors (D:13)
  2 slaves (D:6)
  An ogre (D:6)
  A human (D:8)
  5 centaurs
  A bullfrog (D:6)
  An orc wizard (D:5)
  A ball python (D:2)
  8 fungi
  23 plants
45 creatures vanquished.

Grand Total: 844 creatures vanquished

Notes
Turn   | Place    | Note
-------+----------+-------------------------------------------
     0 | D:1      | Duffy the Gnoll Wizard began the quest for the Orb.
     0 | D:1      | Reached XP level 1. HP: 13/13 MP: 8/8
   192 | D:1      | Reached XP level 2. HP: 19/19 MP: 7/10
   857 | D:1      | Reached XP level 3. HP: 25/25 MP: 11/11
  1076 | D:2      | Learned a level 2 spell: Blink
  1079 | D:2      | Learned a level 2 spell: Call Imp
  1083 | D:2      | Learned a level 3 spell: Conjure Flame
  1087 | D:2      | Learned a level 3 spell: Mephitic Cloud
  1133 | D:2      | Reached skill level 1 in Invocations
  1477 | D:2      | Reached skill level 1 in Fighting
  1477 | D:2      | Reached skill level 1 in Short Blades
  1477 | D:2      | Reached skill level 1 in Long Blades
  1477 | D:2      | Reached skill level 1 in Axes
  1477 | D:2      | Reached skill level 1 in Maces & Flails
  1477 | D:2      | Reached skill level 1 in Polearms
  1477 | D:2      | Reached skill level 1 in Staves
  1477 | D:2      | Reached skill level 1 in Slings
  1477 | D:2      | Reached skill level 1 in Bows
  1477 | D:2      | Reached skill level 1 in Crossbows
  1477 | D:2      | Reached skill level 1 in Throwing
  1477 | D:2      | Reached skill level 1 in Armour
  1477 | D:2      | Reached skill level 1 in Shields
  1477 | D:2      | Reached skill level 1 in Unarmed Combat
  1477 | D:2      | Reached skill level 1 in Evocations
  1477 | D:2      | Reached XP level 4. HP: 31/32 MP: 9/13
  2077 | D:2      | Found a radiant altar of Vehumet.
  2199 | D:3      | Reached skill level 1 in Hexes
  2199 | D:3      | Reached skill level 1 in Charms
  2199 | D:3      | Reached skill level 1 in Necromancy
  2199 | D:3      | Reached skill level 1 in Transmutations
  2199 | D:3      | Reached skill level 1 in Fire Magic
  2199 | D:3      | Reached skill level 1 in Ice Magic
  2199 | D:3      | Reached skill level 1 in Air Magic
  2199 | D:3      | Reached skill level 1 in Earth Magic
  2199 | D:3      | Reached skill level 1 in Poison Magic
  2367 | D:3      | Found a glowing drain.
  2386 | D:3      | Noticed Ijyb
  2406 | D:3      | Killed Ijyb
  2406 | D:3      | Reached XP level 5. HP: 25/37 MP: 10/14
  2415 | Sewer    | Entered a sewer
  2635 | Sewer    | Noticed Purgy
  2652 | Sewer    | Killed Purgy
  2838 | D:3      | Reached XP level 6. HP: 34/44 MP: 11/16
  3185 | D:3      | Noticed Natasha
  3191 | D:3      | Killed Natasha
  3432 | D:3      | Found a hazy altar of Hepliaklqana.
  3518 | D:3      | Found an iron altar of Okawaru.
  3636 | D:3      | Noticed Natasha
  3643 | D:3      | Killed Natasha
  3643 | D:3      | Reached skill level 5 in Dodging
  3659 | D:3      | Noticed Natasha
  3661 | D:3      | Killed Natasha
  3972 | D:4      | Found Ciumneur's Gadget Emporium.
  4176 | D:4      | Reached XP level 7. HP: 48/50 MP: 3/18
  4658 | D:4      | Found a staircase to the Ecumenical Temple.
  4669 | Temple   | Entered the Ecumenical Temple
  4727 | Temple   | Became a worshipper of Cheibriados the Contemplative
  5088 | D:5      | Entered Level 5 of the Dungeon
  5434 | D:5      | Got a dull robe
  5453 | D:5      | Identified the +0 robe of the Miller {rElec rPois} (You
                  | found it on level 5 of the Dungeon)
  5634 | D:4      | Reached * piety under Cheibriados
  6004 | D:5      | Reached skill level 5 in Stealth
  6914 | D:5      | Reached XP level 8. HP: 57/57 MP: 8/19
  7004 | D:5      | Got a smoking spear
  7005 | D:5      | Identified the cursed +1 spear of Immorality {vorpal, rN++}
                  | (You found it on level 5 of the Dungeon)
  7007 | D:5      | Found a snail-covered altar of Cheibriados.
  7413 | D:4      | Bought a wand of acid (10) for 280 gold pieces
  7446 | D:6      | Reached ** piety under Cheibriados
  7451 | D:6      | Learned a level 3 spell: Confusing Touch
  7530 | D:6      | Noticed Pikel
  7564 | D:6      | Killed Pikel
  7564 | D:6      | Reached skill level 8 in Spellcasting
  7610 | D:6      | Noticed Blork the orc
  7619 | D:6      | Killed Blork the orc
  7735 | D:6      | Learned a level 4 spell: Summon Lightning Spire
  7743 | D:6      | Noticed Maggie
  7751 | D:6      | Killed Maggie
  8089 | D:6      | Reached XP level 9. HP: 54/65 MP: 15/21
  8396 | D:7      | Noticed Menkaure
  8721 | D:7      | Noticed Dowan
  8723 | D:7      | Noticed Duvessa
  8735 | D:7      | Killed Duvessa
  8736 | D:7      | Killed Dowan
  9224 | D:7      | Killed Menkaure
  9438 | D:7      | Reached *** piety under Cheibriados
 10444 | D:8      | Reached skill level 5 in Invocations
 10447 | D:8      | You fall into a shaft and drop 3 floors!
 10928 | D:11     | Found Vier's Book Boutique.
 10936 | D:10     | Entered Level 10 of the Dungeon
 11157 | D:10     | Reached XP level 10. HP: 62/73 MP: 17/22
 11163 | D:10     | Reached **** piety under Cheibriados
 11546 | D:10     | Paralysed by a hornet for 1 turns
 11552 | D:10     | Reached skill level 5 in Fighting
 11552 | D:10     | Reached skill level 5 in Short Blades
 11552 | D:10     | Reached skill level 5 in Long Blades
 11552 | D:10     | Reached skill level 5 in Axes
 11552 | D:10     | Reached skill level 5 in Maces & Flails
 11552 | D:10     | Reached skill level 5 in Polearms
 11552 | D:10     | Reached skill level 5 in Staves
 11552 | D:10     | Reached skill level 5 in Slings
 11552 | D:10     | Reached skill level 5 in Bows
 11552 | D:10     | Reached skill level 5 in Crossbows
 11552 | D:10     | Reached skill level 5 in Throwing
 11552 | D:10     | Reached skill level 5 in Armour
 11552 | D:10     | Reached skill level 5 in Shields
 11552 | D:10     | Reached skill level 5 in Unarmed Combat
 11552 | D:10     | Reached skill level 5 in Evocations
 12075 | D:9      | Found a sacrificial altar of Ru.
 12087 | D:9      | Found a burning altar of Makhleb.
 12555 | D:8      | Noticed Maurice
 12571 | D:8      | Paralysed by something for 3 turns
 12591 | D:8      | Killed Maurice
 12591 | D:8      | Reached skill level 9 in Spellcasting
 12903 | D:8      | Found an ancient bone altar of Kikubaaqudgha.
 13053 | D:8      | Reached ***** piety under Cheibriados
 13410 | D:9      | Found a shimmering altar of Xom.
 13426 | D:9      | Found a bloodstained altar of Trog.
 13430 | D:9      | Reached skill level 5 in Conjurations
 13430 | D:9      | Reached skill level 5 in Summonings
 13430 | D:9      | Reached skill level 5 in Translocations
 13547 | D:9      | Learned a level 3 spell: Call Canine Familiar
 13549 | D:9      | Learned a level 1 spell: Summon Butterflies
 13555 | D:9      | Learned a level 5 spell: Summon Mana Viper
 13612 | D:9      | Found a shattered altar of Ashenzari.
 14948 | D:10     | Found a staircase to the Lair.
 15347 | D:11     | Got an encrusted falchion
 15348 | D:11     | Identified the +2 falchion of Fimbulwinter {drain, rC+ rN+
                  | Str+4} (You found it on level 11 of the Dungeon)
 16012 | Lair:1   | Entered Level 1 of the Lair of Beasts
 16012 | Lair:1   | Noticed Gastronok
 16014 | Lair:1   | Noticed Harold
 16024 | Lair:1   | Killed Gastronok
 16024 | Lair:1   | Reached XP level 11. HP: 62/81 MP: 8/24
 16046 | Lair:1   | Killed Harold
 16295 | Lair:1   | Noticed Fannar
 16308 | Lair:1   | Killed Fannar
 16308 | Lair:1   | Reached skill level 5 in Hexes
 16308 | Lair:1   | Reached skill level 5 in Charms
 16308 | Lair:1   | Reached skill level 5 in Necromancy
 16308 | Lair:1   | Reached skill level 5 in Transmutations
 16308 | Lair:1   | Reached skill level 5 in Fire Magic
 16308 | Lair:1   | Reached skill level 5 in Ice Magic
 16308 | Lair:1   | Reached skill level 5 in Air Magic
 16308 | Lair:1   | Reached skill level 5 in Earth Magic
 16308 | Lair:1   | Reached skill level 5 in Poison Magic
 16653 | Lair:1   | You fall into a shaft and drop 1 floor!
 16689 | Lair:2   | Found a runed translucent door.
 16689 | Lair:2   | Noticed Villi's ghost (journeyman FoAK)
 16769 | Lair:2   | Found a frozen archway.
 16790 | IceCv    | Entered an ice cave
 16894 | IceCv    | Reached ****** piety under Cheibriados
 17906 | IceCv    | Found an ancient bone altar of Kikubaaqudgha.
 18526 | IceCv    | Noticed a necromancer
 18562 | IceCv    | Killed a necromancer
 18902 | IceCv    | Identified the Tome of the Frostbite
 19233 | Lair:2   | Reached XP level 12. HP: 87/89 MP: 3/25
 19731 | Lair:2   | Killed Villi's ghost
 19731 | Lair:2   | Reached skill level 10 in Spellcasting
 20016 | Lair:2   | Noticed a queen ant
 20030 | Lair:2   | Killed a queen ant
 21144 | Lair:3   | Noticed an eight-headed hydra
 21156 | Lair:3   | Killed an eight-headed hydra
 21493 | Lair:3   | Noticed Nergalle
 21500 | Lair:3   | Killed Nergalle
 21970 | Lair:3   | Noticed an eight-headed hydra
 21982 | Lair:3   | Killed an eight-headed hydra
 22430 | Lair:4   | Found a staircase to the Snake Pit.
 22544 | Lair:4   | Found a staircase to the Swamp.
 22842 | Lair:4   | Found a basalt altar of Yredelemnul.
 23955 | Lair:5   | Noticed a five-headed hydra
 23962 | Lair:5   | Killed a five-headed hydra
 24161 | Lair:5   | Noticed Nessos
 24174 | Lair:5   | Killed Nessos
 24174 | Lair:5   | Reached XP level 13. HP: 16/98 MP: 8/27
 24792 | Lair:5   | Noticed Josephine
 24807 | Lair:5   | Killed Josephine
 25217 | Lair:5   | Found a staircase to the Slime Pits.
 25319 | Lair:5   | Got a faintly glowing steel ring
 25337 | Lair:5   | Identified the ring of Osuto {Ice +Blink rElec MR+ Str+2}
                  | (You found it on level 5 of the Lair of Beasts)
 25596 | Lair:6   | Entered Level 6 of the Lair of Beasts
 27328 | Lair:6   | Noticed a fire dragon
 27336 | Lair:6   | Killed a fire dragon
 27989 | Lair:6   | Paralysed by a hornet for 1 turns
 27993 | Lair:6   | Found a runed translucent door.
 27994 | Lair:6   | Noticed a fire dragon
 28066 | Lair:6   | Reached skill level 11 in Spellcasting
 28272 | Lair:6   | Killed a fire dragon
 28488 | D:12     | You fall into a shaft and drop 3 floors!
 28488 | D:15     | Entered Level 15 of the Dungeon
 28499 | D:15     | Found a basalt altar of Yredelemnul.
 28761 | D:14     | Found a burning altar of Makhleb.
 28820 | D:13     | Noticed Erolcha
 28964 | D:14     | Killed Erolcha
 28964 | D:14     | Reached XP level 14. HP: 106/106 MP: 29/29
 29599 | D:13     | Found a gate to the Vaults.
 29626 | D:13     | Reached skill level 10 in Dodging
 29937 | D:13     | HP: 2/106 [tengu warrior/bolt (16)]
 30662 | D:12     | Reached skill level 10 in Stealth
 30878 | D:12     | Noticed Urug
 30893 | D:12     | Killed Urug
 31178 | D:12     | Found a staircase to the Orcish Mines.
 31889 | D:12     | Noticed Rupert
 31898 | D:12     | Killed Rupert
 31898 | D:12     | Reached skill level 10 in Invocations
 32099 | Orc:1    | Entered Level 1 of the Orcish Mines
 32099 | Orc:1    | Found Fatirock's Book Emporium.
 32308 | Orc:1    | Found Eggoecw's Weapon Shoppe.
 32320 | Orc:1    | Found Urerphedd's Distillery.
 32477 | Orc:1    | Bought a potion of degeneration for 12 gold pieces
 32478 | Orc:1    | Bought a potion of cancellation for 96 gold pieces
 32478 | Orc:1    | Bought a potion of heal wounds for 60 gold pieces
 32751 | Orc:1    | Found Leaggydo's Antique Armour Emporium.
 32891 | Orc:2    | Entered Level 2 of the Orcish Mines
 32894 | Orc:2    | Noticed an orc warlord
 32908 | Orc:2    | Killed an orc warlord
 32997 | Orc:2    | Found Agydgh's Antique Weapon Shop.
 32999 | Orc:2    | Found a staircase to the Elven Halls.
 33250 | Orc:2    | Found Robar's Armour Boutique.
 33253 | Orc:2    | Found Kaveoc's Assorted Antiques.
 33265 | Orc:2    | Bought a scroll of identify for 58 gold pieces
 33265 | Orc:2    | Bought a fuming orange potion for 26 gold pieces
 33265 | Orc:2    | Bought a scroll of teleportation for 87 gold pieces
 33389 | Orc:2    | Noticed Necrophagist's ghost (journeyman HOFi)
 33448 | Orc:2    | Found a transporter.
 33463 | Orc:2    | Noticed a stone giant
 33581 | Orc:2    | Killed a stone giant
 33679 | Orc:2    | Found a transporter.
 33933 | Orc:2    | Found Ocven's Distillery.
 33936 | Orc:2    | Found Usmoi's Jewellery Shop.
 33939 | Orc:2    | Bought a potion of ambrosia for 120 gold pieces
 34471 | Orc:2    | Paralysed by an orc sorcerer for 7 turns
 35106 | Orc:2    | Paralysed by an orc sorcerer for 2 turns
 35716 | Orc:2    | Found Urchasixu's Jewellery Shoppe.
 35720 | Orc:2    | Found Veit's Assorted Antiques.
 35726 | Orc:2    | Found Oxeugyam's Armour Shop.
 35728 | Orc:2    | Found Tiar's Armour Shoppe.
 35801 | Orc:1    | Bought a transparent ring mail for 234 gold pieces
 35801 | Orc:1    | Bought a glowing helmet for 195 gold pieces
 35866 | Orc:2    | Bought a +2 pair of boots for 231 gold pieces
 35876 | Orc:2    | Identified the +9 ring mail of the Thirteen Nights {*Drain
                  | Regen+ Int+2 Dex+2} (You bought it in a shop on level 1 of
                  | the Orcish Mines)
 36045 | Orc:2    | Bought a cursed +0 kite shield for 22 gold pieces
 36219 | D:13     | Reached XP level 15. HP: 114/114 MP: 23/30
 36777 | D:14     | Found a roughly hewn altar of Beogh.
 37499 | D:15     | Got a bloodstained robe
 37562 | D:15     | Found a runed translucent gate.
 37562 | D:15     | Found a runed translucent gate.
 37562 | D:15     | Found a runed translucent gate.
 37564 | D:15     | Noticed Keogif's ghost (journeyman VSFi)
 37826 | D:15     | Found a staircase to the Depths.
 37826 | D:15     | Noticed a frost giant
 37842 | D:15     | Killed a frost giant
 38580 | D:15     | Got a pair of pitted gloves
 38597 | D:15     | Killed Keogif's ghost
 38600 | D:15     | Identified the +1 pair of gloves "Acarph Jucu" {rElec
                  | Int+4} (You found it on level 15 of the Dungeon)
 38859 | Orc:2    | Gained mutation: You tend to lose your temper in combat. [a
                  | neqoxec]
 38879 | Orc:2    | Killed Necrophagist's ghost
 38945 | Orc:2    | Lost mutation: You tend to lose your temper in combat.
                  | [potion of mutation]
 38945 | Orc:2    | Gained mutation: You expend magic power (3 MP) to
                  | strengthen your wands. [potion of mutation]
 38945 | Orc:2    | Gained mutation: You are weak. (Str -2) [potion of
                  | mutation]
 38945 | Orc:2    | Gained mutation: Scrolls take you a little longer to read.
                  | [potion of mutation]
 38945 | Orc:2    | Gained mutation: You have sharp toenails. [potion of
                  | mutation]
 38970 | Orc:2    | Reached skill level 12 in Spellcasting
 38976 | Orc:2    | Lost mutation: Scrolls take you a little longer to read.
                  | [potion of mutation]
 38976 | Orc:2    | Lost mutation: You are weak. (Str -2) [potion of mutation]
 38976 | Orc:2    | Lost mutation: You expend magic power (3 MP) to strengthen
                  | your wands. [potion of mutation]
 38976 | Orc:2    | Lost mutation: You have sharp toenails. [potion of
                  | mutation]
 38976 | Orc:2    | Gained mutation: Your magical capacity is low. (-10% MP)
                  | [potion of mutation]
 38976 | Orc:2    | Gained mutation: You expend magic power (3 MP) to
                  | strengthen your wands. [potion of mutation]
 39185 | Snake:1  | Entered Level 1 of the Snake Pit
 39283 | Snake:1  | Reached skill level 10 in Fighting
 39341 | Snake:1  | Identified the +1 robe "Akhuih" {+Blink rF- MR+ Str+3} (You
                  | found it on level 15 of the Dungeon)
 39512 | Snake:1  | Reached skill level 10 in Short Blades
 39512 | Snake:1  | Reached skill level 10 in Long Blades
 39512 | Snake:1  | Reached skill level 10 in Axes
 39512 | Snake:1  | Reached skill level 10 in Maces & Flails
 39512 | Snake:1  | Reached skill level 10 in Polearms
 39512 | Snake:1  | Reached skill level 10 in Staves
 39512 | Snake:1  | Reached skill level 10 in Slings
 39512 | Snake:1  | Reached skill level 10 in Bows
 39512 | Snake:1  | Reached skill level 10 in Crossbows
 39512 | Snake:1  | Reached skill level 10 in Throwing
 39512 | Snake:1  | Reached skill level 10 in Armour
 39512 | Snake:1  | Reached skill level 10 in Shields
 39512 | Snake:1  | Reached skill level 10 in Unarmed Combat
 39512 | Snake:1  | Reached skill level 10 in Evocations
 39771 | Snake:1  | Quit the game

Levels and vault maps discovered:
D:1:      dpeg_arrival_boxes_within_box, layout_loops_ring
D:2:      layout_loops_corners, fiery_altar_vehumet
D:3:      layout_loops_ring, okawaru_altar_gauntlet_db, old_standard_altar,
          first_ration, gup_sewer_entry_glass, uniq_natasha, uniq_ijyb
D:4:      layout_basic, minmay_temple_entry_glassed_door, serial_shops, shop
D:5:      minmay_diamond_boxcup, layout_basic, chequers_serial_rivers_micro_e,
          kennysheep_slug_shrine
D:6:      black_bear_nest_1, layout_rooms, uniq_pikel, uniq_blork_the_orc,
          uniq_maggie
D:7:      layout_basic, the_bakery, uniq_duvessa, uniq_menkaure
D:8:      layout_basic, tgw_kikubaaqudgha, uniq_maurice
D:9:      layout_stronghold, nicolae_overflow_quartered_altars,
          trog_ov_bears_minmay
D:10:     layout_cave_pools, erik_lair_island, nrook_loot_triangle,
          kennysheep_generic_room_5
D:11:     layout_basic, serial_shops, nicolae_shop_trees, serial_bayou_lagoon_a
D:12:     layout_long_grid, orc_0_dummy, wad_dig_loot, uniq_rupert, uniq_urug
D:13:     layout_rooms, erik_vaults_2, uniq_erolcha
D:14:     layout_rooms, hex_medium, basic_altar, drop_trap,
          minmay_tree_intersection, david_defended_altar_orc
D:15:     grunt_enter_depths_snipers, layout_basic, minmay_misc_feat_pillars,
          gammafunk_ghost_tricky_traps, basic_altar
Temple:   eino_wide_crystal_templ
Lair:1:   statuecave_lemuel, layout_cave_shapes, serial_bayou_pond_e,
          uniq_gastronok, uniq_fannar, uniq_harold
Lair:2:   layout_concentric_octagons, hellmonk_ghost_happy_afterlife,
          special_room [special_room_bee], portal_ice_cave_entry_pillars_1,
          minmay_another_anthill
Lair:3:   layout_chaotic_city, uniq_nergalle
Lair:4:   layout_cave_pods, swamp_mist_pool, guppyfry_snake_entry_island,
          basic_altar
Lair:5:   layout_cave_pods, slime_dummy, uniq_josephine, uniq_nessos
Lair:6:   wormcave, layout_cave_pods, guppyfry_lair_end_dragon, st_stairs_4,
          chequers_serial_rivers_small_3
Snake:1:  layout_gridlike, uniq_aizul
Orc:1:    layout_diamond_mine, serial_shops, nicolae_shop_waterfront,
          nicolae_shop_trees, shop, nicolae_shop_statue_plus
Orc:2:    st_orc_elflike, layout_diamond_mine, serial_shops,
          nicolae_shop_statue_plus, shop, nicolae_shop_stone, shop,
          nicolae_shop_statue_plus, gammafunk_ghost_stat_death

Skill      XL: |  1  2  3  4  5  6  7  8  9 10 11 12 13 14 15 |
---------------+----------------------------------------------+-----
Conjurations   | 2 3 4 5 6 7 8 |  8.7
Summonings     | 2 3 4 5 6 7 8 |  8.7
Translocations | 2 3 4 5 6 7 8 |  8.7
Invocations    | 1 2 3 4 5 6 7 8 9 10 | 10.8
Fighting       | 1 2 3 4 5 6 7 8 9 10 | 10.1
Short Blades   | 1 2 3 4 5 6 7 8 9 10 | 10.0
Long Blades    | 1 2 3 4 5 6 7 8 9 10 | 10.0
Axes           | 1 2 3 4 5 6 7 8 9 10 | 10.0
Maces & Flails | 1 2 3 4 5 6 7 8 9 10 | 10.0
Polearms       | 1 2 3 4 5 6 7 8 9 10 | 10.0
Staves         | 1 2 3 4 5 6 7 8 9 10 | 10.0
Slings         | 1 2 3 4 5 6 7 8 9 10 | 10.0
Bows           | 1 2 3 4 5 6 7 8 9 10 | 10.0
Crossbows      | 1 2 3 4 5 6 7 8 9 10 | 10.0
Throwing       | 1 2 3 4 5 6 7 8 9 10 | 10.0
Armour         | 1 2 3 4 5 6 7 8 9 10 | 10.0
Shields        | 1 2 3 4 5 6 7 8 9 10 | 10.0
Unarmed Combat | 1 2 3 4 5 6 7 8 9 10 | 10.0
Evocations     | 1 2 3 4 5 6 7 8 9 10 | 10.0
Hexes          | 1 2 3 4 5 6 7 8 |  8.4
Charms         | 1 2 3 4 5 6 7 8 |  8.4
Necromancy     | 1 2 3 4 5 6 7 8 |  8.4
Transmutations | 1 2 3 4 5 6 7 8 |  8.4
Fire Magic     | 1 2 3 4 5 6 7 8 |  8.4
Ice Magic      | 1 2 3 4 5 6 7 8 |  8.4
Air Magic      | 1 2 3 4 5 6 7 8 |  8.4
Earth Magic    | 1 2 3 4 5 6 7 8 |  8.4
Poison Magic   | 1 2 3 4 5 6 7 8 |  8.4
Dodging        | 5 6 7 8 9 10 | 10.9
Stealth        | 5 6 7 8 9 10 | 10.8
Spellcasting   | 8 9 10 11 12 | 12.0

Action                   |  1- 3 |  4- 6 |  7- 9 | 10-12 | 13-15 || total
-------------------------+-------+-------+-------+-------+-------++-------
Melee: Whip              |    37 |   166 |   303 |   257 |       ||   763
       Bite              |     2 |     6 |    49 |   116 |   198 ||   371
       Punch             |       |       |     8 |    24 |    49 ||    81
       Battleaxe         |       |       |    11 |    10 |       ||    21
       Morningstar       |       |       |       |   282 |   286 ||   568
       Broad axe         |       |       |       |       |   221 ||   221
       War axe           |       |       |       |       |   283 ||   283
Throw: Throwing net      |       |       |       |       |     2 ||     2
 Cast: Magic Dart        |    35 |    25 |    88 |    11 |       ||   159
       Call Imp          |     4 |    16 |    41 |     1 |       ||    62
       Mephitic Cloud    |       |     1 |     1 |     1 |       ||     3
       Conjure Flame     |       |     1 |     7 |     2 |       ||    10
       Confusing Touch   |       |       |     2 |     3 |       ||     5
       Summon Lightning  |       |       |     9 |    38 |    21 ||    68
       Call Canine Famil |       |       |       |    50 |    82 ||   132
       Summon Mana Viper |       |       |       |    72 |    81 ||   153
Invok: Slouch            |       |       |       |     1 |       ||     1
       Temporal Distorti |       |       |       |       |     1 ||     1
 Abil: Evoke Flight      |       |       |       |     1 |       ||     1
Evoke: Wand              |       |       |       |    11 |    50 ||    61
       Tin of tremorston |       |       |       |     1 |       ||     1
  Use: Scroll            |       |     4 |     3 |    20 |    16 ||    43
       Potion            |       |       |     1 |     1 |     8 ||    10
 Stab: Sleeping          |     8 |     9 |     9 |     7 |    10 ||    43
       Distracted        |       |     1 |     1 |    13 |    22 ||    37
       Confused          |       |       |     7 |     4 |       ||    11
       Held in net/web   |       |       |       |       |     5 ||     5
       Invisible         |       |       |       |       |     2 ||     2
  Eat: Chunk             |     2 |     8 |    12 |    16 |    13 ||    51
       Ration            |       |       |       |     2 |     4 ||     6
Armor: Robe              |     4 |    15 |     6 |    15 |       ||    40
       Ring mail         |       |       |   103 |    93 |    77 ||   273
       Scale mail        |       |       |       |   100 |    24 ||   124
       Fire dragon scale |       |       |       |       |   131 ||   131
       Swamp dragon scal |       |       |       |       |     6 ||     6
       Skin              |       |       |       |       |     1 ||     1
Dodge: Dodged            |    22 |   113 |   215 |   705 |   824 ||  1879
Block: Kite shield       |       |       |       |       |   223 ||   223

Table legend:
 A = Non-vault XP
 B = Vault XP
 C = Vault XP percentage of total XP
 D = Non-vault monster count
 E = Vault monster count
 F = Vault count percentage of total count
                 A         B        C        D         E       F
            +---------+---------+-------+---------+---------+-------
      Total |   63285 |   48141 |  43.2 |     549 |     247 |  31.0
            +---------+---------+-------+---------+---------+-------
        D:1 |      46 |       0 |   0.0 |      30 |       0 |   0.0
        D:2 |      73 |       0 |   0.0 |      21 |       0 |   0.0
        D:3 |     176 |      86 |  32.8 |      27 |      10 |  27.0
        D:4 |     288 |       0 |   0.0 |      17 |       0 |   0.0
        D:5 |     385 |      82 |  17.6 |      25 |       6 |  19.4
        D:6 |     120 |    1042 |  89.7 |       8 |       4 |  33.3
        D:7 |     804 |     551 |  40.7 |      20 |       4 |  16.7
        D:8 |    1036 |     426 |  29.1 |      36 |       1 |   2.7
        D:9 |     977 |     141 |  12.6 |      27 |       2 |   6.9
       D:10 |    1406 |     362 |  20.5 |      22 |       9 |  29.0
       D:11 |     520 |     264 |  33.7 |       8 |       1 |  11.1
       D:12 |    4026 |    2995 |  42.7 |      32 |       5 |  13.5
       D:13 |    8554 |    5360 |  38.5 |      43 |       8 |  15.7
       D:14 |    7701 |    1135 |  12.8 |      28 |       4 |  12.5
       D:15 |    5511 |    4947 |  47.3 |      22 |      13 |  37.1
     Lair:1 |    1020 |    2216 |  68.5 |       9 |       3 |  25.0
     Lair:2 |    2198 |    3234 |  59.5 |      11 |      48 |  81.4
     Lair:3 |    2519 |     400 |  13.7 |       9 |       1 |  10.0
     Lair:4 |    3261 |      99 |   2.9 |      23 |       1 |   4.2
     Lair:5 |    5962 |    2585 |  30.2 |      28 |       5 |  15.2
     Lair:6 |    5781 |    8384 |  59.2 |      28 |      33 |  54.1
    Snake:1 |    5552 |       0 |   0.0 |      13 |       0 |   0.0
      Orc:1 |    1705 |       0 |   0.0 |      22 |       0 |   0.0
      Orc:2 |    3664 |    9211 |  71.5 |      40 |      29 |  42.0
      Sewer |       0 |     109 | 100.0 |       0 |       6 | 100.0
      IceCv |       0 |    4512 | 100.0 |       0 |      54 | 100.0
            +---------+---------+-------+---------+---------+-------
